 Dungeon Crawl Stone Soup version 0.29-a0-887-gcbe080d7e0 (webtiles) character file.

Game seed: 18314413294504262264

1344 hquester1 the Covered (level 8, -14/71 HPs)
             Began as a Minotaur Fighter on July 21, 2022.
             Killed from afar by Maggie (25 damage)
             ... with a bolt of fire
             ... on level 6 of the Dungeon.
             The game lasted 00:11:03 (5090 turns).

hquester1 the Covered (Minotaur Fighter)            Turns: 5090, Time: 00:11:04

Health: -14/71     AC: 10    Str: 23    XL:     8   Next: 36%
Magic:  7/7        EV: 11    Int:  5    God:
Gold:   309        SH:  0    Dex: 16    Spells: 7/7 levels left

rFire   . . .      SeeInvis .   a - +0 war axe
rCold   . . .      Faith    .   c - +0 buckler
rNeg    . . .      Spirit   .   b - +0 scale mail
rPois   .          Reflect  .   (helmet restricted)
rElec   .          Harm     .   v - +0 cloak
rCorr   .          Rampage  .   (no gloves)
Will    .....                   g - +0 pair of boots
Stlth   ..........              (no amulet)
HPRegen 0.21/turn               q - +6 ring of dexterity
MPRegen 0.10/turn               (no ring)

@: confused, ambrosia-drunk
A: horns 2, retaliatory headbutt
a: no special abilities


You were on level 6 of the Dungeon.
You visited 2 branches of the dungeon, and saw 7 of its levels.

You collected 309 gold pieces.

Inventory:

Hand Weapons
 a - a +0 war axe (weapon)
Armour
 b - a +0 scale mail (worn)
 c - a +0 buckler (worn)
 g - a +0 pair of boots (worn)
 v - a +0 cloak (worn)
Jewellery
 k - a ring of protection from fire
 q - a +6 ring of dexterity (left hand)
 C - a ring of positive energy
Wands
 o - a wand of iceblast (11)
Scrolls
 f - 2 scrolls of identify
 h - 4 scrolls of butterflies
 i - 8 scrolls of vulnerability
 j - a scroll of blinking {unknown}
 l - a scroll of immolation {unknown}
 n - a scroll of teleportation {unknown}
 s - a scroll of silence {unknown}
 x - a scroll of summoning {unknown}
 y - a scroll of amnesia {unknown}
 B - a scroll of torment {unknown}
 D - a scroll of acquirement {unknown}
 E - a scroll of noise {unknown}
Potions
 d - 2 potions of might
 e - a potion of flight
 m - a potion of brilliance
 p - a potion of haste
 t - 2 potions of curing {unknown}
 u - 2 potions of attraction
 w - a potion of magic {unknown}
 z - a potion of mutation {unknown}
 A - a potion of cancellation {unknown}


   Skills:
 + Level 6.8 Fighting
 + Level 6.1 Axes
 + Level 6.8 Armour
 + Level 3.5 Dodging
 + Level 6.8 Shields


You had 7 spell levels left.
You didn't know any spells.
Your spell library contained the following spells:

 Spells                   Type           Power      Damage    Failure   Level
 Necrotise                Necr           0%         1d4       83%         1
 Sublimation of Blood     Necr           0%         N/A       93%         2
 Wereblood                Tmut           0%         N/A       93%         2
 Summon Guardian Golem    Hex/Summ       0%         N/A       99%         3
 Vampiric Draining        Necr           0%         2d6       99%         3
 Agony                    Necr           0%         N/A       100%        5
 Orb of Destruction       Conj           0%         9d5       100%        7
 Spellforged Servitor     Conj/Summ      0%         N/A       100%        7
 Summon Hydra             Summ           0%         N/A       100%        7


Dungeon Overview and Level Annotations

Branches:
Dungeon (6/15)             Temple (1/1) D:4

Altars:
Ashenzari
Cheibriados
Dithmenos
Elyvilon
Fedhas
Gozag
Hepliaklqana
Kikubaaqudgha
Makhleb
Nemelex Xobeh
Okawaru
Qazlal
Ru
Sif Muna
Trog
Uskayaw
Vehumet
Xom
Zin
The Shining One

Shops:
D:4 (

Annotations:
D:6 Maggie


Innate Abilities, Weirdness & Mutations

You have a pair of horns on your head.
You reflexively headbutt those who attack you in melee.


Message History

The gnoll bouda hits you but does no damage.
You hit the gnoll.
The gnoll is lightly wounded.
You hit the gnoll bouda but do no damage.
The gnoll bouda gazes fiercely through you!
You feel your attacks grow feeble. You block the gnoll bouda's attack.
The gnoll hits you with a +0 halberd.
* * * LOW HITPOINT WARNING * * *
The gnoll bouda hits you with a +0 club.
* * * LOW HITPOINT WARNING * * *
You block the gnoll's attack.
You slash the gnoll! You headbutt the gnoll.
You kill the gnoll!
You closely miss the gnoll bouda.
The gnoll bouda hits you with a +0 club.
* * * LOW HITPOINT WARNING * * *
Unknown command.
You hit the gnoll bouda but do no damage.
Your headbutt misses the gnoll bouda.
The gnoll bouda is moderately wounded.
The gnoll bouda hits you but does no damage.
Unknown command.
You slash the gnoll bouda! You headbutt the gnoll bouda.
The gnoll bouda is almost dead.
The gnoll bouda utters an invocation to its god.
The gnoll bouda is healed somewhat.
Maggie the Vainglorious comes into view.
She is wielding a +1 vorpal morningstar and carrying a wand of flame (10).
The gnoll bouda hits you with a +0 club.
* * * LOW HITPOINT WARNING * * *
You slash the gnoll bouda!
You kill the gnoll bouda!
You are confused.
You feel invigorated.
Your attacks no longer feel as feeble.
Maggie casts a spell.
Maggie attempts to bespell you! You resist with almost no effort.
Maggie is nearby!
Maggie points at you and mumbles some strange words.
The bolt of fire hits you!!
You die...

#..........#.##)##
#.##..######..###.
#.##..# ##.....
##.#...# ###..#
#....#.. #...
#...###.. ....
#.)..# .## ##...
##)#...## #.##
#@#.### #.## #)#.#
#.#. ....# #.
..... ###.#.#
#@#.# #.... #.. ..


You could see Maggie.

Vanquished Creatures
  A water moccasin (D:5)
  A sky beast (D:6)
  A black bear (D:6)
  2 phantoms
  Blork the orc (D:6)
  5 scorpions
  A necrophage (D:4)
  A howler monkey (D:6)
  A hound (D:5)
  2 jellies (D:6)
  A gnoll bouda (D:6)
  An orc priest (D:4)
  2 iguanas
  Jessica (D:2)
  An orc wizard (D:3)
  5 gnolls (D:6)
  7 adders
  3 worms
  2 dart slugs
  9 orcs
  8 ball pythons
  9 endoplasms
  4 giant cockroaches
  4 goblins
  6 hobgoblins
  A jackal (D:1)
  5 quokkas
  5 bats
  A frilled lizard (D:3)
  6 kobolds
  7 rats
104 creatures vanquished.

Vanquished Creatures (others)
  2 withered plants (D:2)
2 creatures vanquished.

Grand Total: 106 creatures vanquished

Notes
Turn   | Place    | Note
-------+----------+-------------------------------------------
     0 | D:1      | hquester1 the Minotaur Fighter began the quest for the Orb.
     0 | D:1      | Reached XP level 1. HP: 19/19 MP: 0/0
   186 | D:1      | Reached XP level 2. HP: 27/27 MP: 1/1
  1090 | D:2      | Reached XP level 3. HP: 33/33 MP: 2/2
  1290 | D:2      | Found a faded altar of an unknown god.
  1384 | D:2      | Noticed Jessica
  1393 | D:2      | Killed Jessica
  1394 | D:2      | Reached XP level 4. HP: 12/41 MP: 3/3
  2062 | D:3      | Noticed a scorpion
  2074 | D:3      | Killed a scorpion
  2075 | D:3      | Reached XP level 5. HP: 41/47 MP: 4/4
  2355 | D:3      | Found an iron altar of Okawaru.
  2368 | D:3      | Reached skill level 5 in Fighting
  2610 | D:3      | Reached skill level 5 in Armour
  2706 | D:4      | Reached skill level 5 in Shields
  2717 | D:4      | Reached XP level 6. HP: 39/56 MP: 5/5
  2829 | D:4      | Found Qilot's Weapon Shop.
  3162 | D:4      | Found a staircase to the Ecumenical Temple.
  3169 | Temple   | Entered the Ecumenical Temple
  3434 | D:4      | Reached skill level 1 in Dodging
  3489 | D:5      | Entered Level 5 of the Dungeon
  3490 | D:5      | Found a burning altar of Makhleb.
  3518 | D:5      | Reached XP level 7. HP: 56/62 MP: 6/6
  3523 | D:5      | Reached skill level 5 in Axes
  3776 | D:5      | Found a white marble altar of Elyvilon.
  4228 | D:6      | Noticed Blork the orc
  4240 | D:6      | Killed Blork the orc
  4510 | D:6      | Reached XP level 8. HP: 20/71 MP: 7/7
  5087 | D:6      | Noticed Maggie
  5087 | D:6      | HP: 2/71 [gnoll bouda/+0 club (6)]
  5090 | D:6      | Killed from afar by Maggie

Illustrated notes

Levels and vault maps discovered:
D:1:      tarquinn_simple_flora_water_e, layout_basic, grunt_decor_fettered,
          hex_medium, serial_bayou_pond_d, minmay_tripent
D:2:      layout_basic, ebering_ecumenical_altar_petrified,
          hangedman_decor_opposing, uniq_jessica
D:3:      layout_basic, okawaru_ov_weapons_minmay
D:4:      layout_gridville, minmay_temple_entry_fiery, serial_shops,
          nicolae_diamond_shop
D:5:      layout_rooms, kennysheep_mini, mainiacjoe_overflow_brackets
D:6:      cheibrodos_quashed, layout_loops_ring, nrook_pool_corridor,
          uniq_maggie, uniq_menkaure, uniq_blork_the_orc
Temple:   bh_familiar_temple

Skill      XL: |  1  2  3  4  5  6  7  8 |
---------------+-------------------------+-----
Armour         | 4 5 6 |  6.8
Fighting       | 4 5 6 |  6.8
Shields        | 4 5 6 |  6.8
Axes           | 3 4 5 6 |  6.1
Dodging        | 1 2 3 |  3.5

Action                   |  1- 3 |  4- 6 |  7- 9 || total
-------------------------+-------+-------+-------++-------
Melee: War axe           |    63 |    91 |    86 ||   240
       Headbutt          |     5 |    14 |    18 ||    37
  Use: Scroll            |       |     5 |     2 ||     7
       Potion            |       |       |     1 ||     1
Armor: Scale mail        |    40 |    47 |    33 ||   120
Dodge: Dodged            |    40 |    48 |    33 ||   121
Block: Buckler           |    14 |    19 |    34 ||    67

Table legend: (Time is in decaauts)
 A = Elapsed time spent in this place.
 B = Non-inter-level travel time spent in this place.
 C = Inter-level travel time spent in this place.
 D = Time resting spent in this place.
 E = Time spent auto-exploring this place.
 F = Levels seen in this place.
 G = Mean time per level.
                   A        B        C        D        E       F      G
               +--------+--------+--------+--------+--------+-----+--------+
         Total |   5172 |   5060 |    112 |    239 |   3815 |   7 |  738.9 |
       Dungeon |   4984 |   4897 |     87 |    239 |   3655 |   6 |  830.7 |
        Temple |    187 |    162 |     25 |      0 |    160 |   1 |  187.0 |
               +--------+--------+--------+--------+--------+-----+--------+

Top non-repeatable levels by time:
     D:1: 1097 daAuts
     D:6: 899 daAuts
     D:3: 847 daAuts
     D:2: 777 daAuts
     D:5: 726 daAuts
     D:4: 636 daAuts
  Temple: 187 daAuts
